Map: Pillars of Gold LE

Players

Trizztein - Winner!

  • Race: Zerg Zerg
  • League: Diamond
  • Spawn Location: 7:00

DeerPark

  • Race: Terran Terran
  • League: Diamond
  • Spawn Location: 1:00

VOD

Have the link to the VOD?

Description

Time

  • Played on: March 6, 2021, 3:53 p.m.
  • Length: 22:55
Show
View Real Time Build Order
Export as new Build Order

Trizztein Zerg - Winner!

Build Orders: Hatch First, Muta Ling Bane 

Get SALT Encoding   

  12  0:00  Drone  
  13  0:12  Overlord  
  13  0:17  Drone  
  14  0:31  Drone x2  
  16  0:50  Hatchery  
  16  0:53  Drone  
  16  0:56  Drone  
  17  1:00  Drone  
  18  1:10  Extractor  
  17  1:17  Spawning Pool  
  16  1:19  Drone  
  16  1:23  Drone  
  18  1:28  Drone  
  19  1:39  Drone  
  20  1:53  Overlord  
  20  2:04  Queen x2  
  20  2:05  Zergling x4  
  26  2:13  Metabolic Boost  
  26  2:27  Extractor  
  25  2:42  Drone x3  
  28  2:50  Pneumatized Carapace  
  27  3:07  Drone x2  
  27  3:08  Drone  
  27  3:09  Overlord  
  27  3:11  Queen  
  32  3:13  Hatchery  
  31  3:20  Overlord  
  31  3:21  Drone x2  
  33  3:28  Drone x2  
  33  3:33  Drone x2  
  37  3:37  Drone  
  37  3:40  Drone  
  37  3:41  Drone  
  40  3:46  Queen  
  42  3:54  Overlord  
  42  3:55  Drone x3  
  42  4:00  Drone  
  46  4:08  Baneling Nest  
  46  4:09  Drone x2  
  47  4:10  Extractor  
  46  4:17  Drone  
  46  4:19  Overlord  
  46  4:20  Overlord  
  46  4:21  Drone x3  
  46  4:23  Drone  
  51  4:30  Queen  
  53  4:32  Queen  
  55  4:39  Drone x4  
  55  4:44  Drone x3  
  62  4:50  Overlord  
  62  4:53  Zergling x6  
  62  4:57  Baneling x2  
  62  4:59  Drone x2  
  67  5:00  Overlord  
  67  5:06  Queen  
  69  5:18  Queen  
  73  5:23  Lair  
  73  5:24  Spore Crawler x2  
  73  5:27  Drone x8  
  77  5:31  Overlord  
  77  5:32  Overlord  
  77  5:42  Overlord x3  
  77  5:49  Drone  
  78  5:51  Drone x2  
  78  5:52  Drone  
  78  5:54  Hatchery  
  80  6:04  Drone  
  80  6:05  Drone  
  80  6:06  Drone x6, Evolution Chamber x2  
  80  6:09  Extractor  
  85  6:20  Hatchery, Extractor  
  85  6:21  Drone x3  
  85  6:25  Extractor  
  85  6:34  Zerg Melee Weapons Level 1, Zerg Ground Armor Level 1  
  85  6:36  Centrifical Hooks, Overseer  
  85  6:54  Drone x9  
  85  6:56  Zergling x18  
  103  7:05  Overlord  
  103  7:08  Zergling x6  
  106  7:15  Zergling x18  
  114  7:23  Zergling x8  
  114  7:26  Overseer  
  118  7:30  Baneling x5  
  118  7:36  Infestation Pit  
  117  7:38  Spire  
  114  7:48  Overlord x4  
  114  7:51  Baneling  
  114  7:52  Baneling x8  
  114  8:04  Zergling x8  
  117  8:11  Spore Crawler  
  117  8:12  Overlord x5  
  116  8:16  Zergling x20  
  116  8:17  Zergling x8  
  127  8:43  Baneling x10  
  127  8:44  Baneling x5  
  125  8:49  Drone x3  
  125  8:50  Drone x12  
  120  8:59  Hatchery  
  114  9:06  Extractor  
  114  9:07  Extractor  
  112  9:14  Zerg Melee Weapons Level 2, Zerg Ground Armor Level 2  
  112  9:15  Hive  
  112  9:16  Mutalisk x7  
  126  9:21  Zergling x12  
  126  9:22  Zergling x16  
  140  9:32  Zergling x4  
  140  9:33  Zergling x12  
  140  9:34  Overlord x3  
  148  9:44  Zergling x20  
  158  9:53  Mutalisk x2  
  158  9:54  Spine Crawler  
  158  9:55  Spine Crawler  
  158  9:56  Spine Crawler  
  159  10:04  Hatchery  
  151  10:15  Overseer x3  
  148  10:42  Mutalisk x2  
  148  10:43  Mutalisk x6  
  148  10:49  Overlord x2  
  164  10:56  Adrenal Glands  
  164  10:58  Zerg Flyer Weapons Level 1  
  164  11:07  Queen x3  
  164  11:08  Queen  
  164  11:10  Baneling x13  
  157  11:50  Zergling x4  
  157  11:51  Zergling x56  
  157  11:52  Zergling x12  
  168  12:00  Zergling x12  
  170  12:04  Mutalisk x6  
  174  12:22  Zergling x12  
  176  12:25  Hatchery  
  174  12:32  Baneling x11  
  174  12:36  Spore Crawler  
  173  12:37  Zergling x4  
  173  12:38  Zergling x20  
  173  12:43  Mutalisk x6  
  193  12:57  Zergling x24  
  186  13:10  Baneling  
  186  13:11  Baneling x15  
  186  13:14  Overseer  
  180  13:36  Baneling x7  
  180  13:37  Baneling x9  
  180  13:39  Drone x5  
  185  13:50  Zerg Melee Weapons Level 3  
  185  13:52  Extractor  
  185  13:55  Extractor  
  182  14:04  Spine Crawler, Extractor x2  
  182  14:06  Spine Crawler x2  
  182  14:08  Zergling x12  
  182  14:09  Zergling x50  
  175  14:10  Zergling x2  
  151  14:33  Zergling x14  
  151  14:34  Zergling x18  
  148  14:47  Baneling x8  
  148  14:48  Baneling x8  
  145  14:57  Overseer x3  
  129  15:17  Zergling x16  
  129  15:18  Zergling x28  
  145  15:22  Zergling x14  
  151  15:31  Zergling x22  
  159  15:50  Spine Crawler  
  159  15:51  Spine Crawler, Baneling x18, Mutalisk x10  
  159  15:54  Spine Crawler  
  150  16:04  Zergling x14  
  149  16:21  Zergling x24  
  158  16:40  Baneling x2  
  158  16:41  Baneling x8  
  158  16:42  Zergling x18  
  166  17:26  Zergling x22  
  166  17:27  Zergling x8  
  176  17:45  Baneling x6  
  176  17:46  Baneling x9  
  176  17:53  Drone x3, Ultralisk Cavern  
  176  17:54  Drone  
  169  18:03  Zergling x52  
  169  18:04  Zergling x2  
  190  18:06  Baneling x8  
  175  18:21  Zergling x20  
  162  18:35  Zergling x18  
  162  18:36  Zergling x4  
  162  18:39  Baneling  
  162  18:40  Baneling x6  
  168  18:50  Mutalisk x4  
  171  19:09  Baneling x3  
  149  19:10  Zergling x18  
  149  19:11  Zergling x2  
  157  19:17  Zergling x14  
  159  19:24  Zergling x14  
  155  19:53  Zergling x30  
  155  19:56  Baneling x8  
  169  20:06  Hatchery  
  154  20:23  Zergling x6  
  154  20:24  Zergling x8  
  157  20:41  Overlord x6  
  157  20:46  Baneling x7  
  157  20:47  Baneling x4  
  154  20:51  Extractor  
  154  20:53  Extractor  
  147  21:01  Baneling x14  
  147  21:03  Zergling x10  
  117  21:26  Zergling x12  
  117  21:27  Zergling x12  
  117  21:32  Mutalisk  
  129  21:38  Baneling  
  129  21:39  Baneling x9  
  131  22:12  Hatchery  
  131  22:16  Baneling  
  131  22:17  Baneling x7, Overseer x3  
  131  22:35  Zergling x24  
  131  22:40  Drone x4  
Show
View Real Time Build Order
Export as new Build Order

DeerPark Terran 

Build Orders: Reaper Expand 

Get SALT Encoding   

  12  0:00  SCV  
  13  0:12  SCV  
  14  0:18  Supply Depot  
  14  0:24  SCV  
  15  0:40  SCV  
  15  0:41  Barracks  
  16  0:46  Refinery  
  16  0:52  SCV  
  17  1:04  SCV  
  18  1:16  SCV  
  19  1:28  Orbital Command  
  19  1:29  Reaper  
  20  1:46  Command Center  
  21  1:54  SCV  
  21  2:00  Supply Depot  
  21  2:05  Barracks Reactor  
  21  2:06  SCV  
  22  2:18  SCV  
  22  2:19  Refinery  
  23  2:34  SCV  
  23  2:35  Factory  
  24  2:41  Marine x2  
  26  2:46  SCV  
  27  2:58  SCV  
  27  2:59  Marine  
  28  3:10  SCV  
  29  3:18  Barracks, Orbital Command  
  29  3:19  Barracks  
  29  3:27  Bunker  
  29  3:31  Marine x2, SCV  
  29  3:32  Factory Reactor  
  32  3:43  SCV  
  32  3:45  SCV  
  34  3:50  Marine  
  34  3:55  SCV  
  36  3:57  Engineering Bay, SCV  
  37  4:07  SCV  
  37  4:08  Supply Depot  
  38  4:13  Starport, Widow Mine  
  38  4:14  Barracks Tech Lab  
  38  4:15  Barracks Tech Lab  
  40  4:23  Terran Infantry Weapons Level 1  
  40  4:25  Engineering Bay  
  40  4:26  SCV  
  41  4:33  SCV  
  41  4:36  Refinery  
  41  4:38  SCV  
  43  4:41  Marine x2  
  43  4:44  Stimpack  
  45  4:45  SCV  
  45  4:47  Combat Shield  
  46  4:54  Viking  
  46  4:56  Widow Mine  
  46  4:58  Widow Mine  
  52  5:03  SCV x2  
  52  5:06  Terran Infantry Armor Level 1  
  54  5:12  Supply Depot  
  54  5:25  Command Center  
  54  5:33  Starport Reactor, Marine  
  54  5:34  Marine x3  
  58  5:36  Supply Depot  
  58  5:37  SCV  
  58  5:40  SCV  
  59  5:49  SCV  
  60  5:52  SCV  
  60  5:54  Marine  
  62  5:57  Marine  
  62  5:58  Marauder x2, Widow Mine  
  62  6:01  SCV  
  62  6:03  Refinery  
  70  6:16  Armory  
  70  6:18  Hi-Sec Auto Tracking  
  70  6:20  Missile Turret  
  70  6:30  Medivac x2, Marine x2, Supply Depot  
  70  6:31  SCV x2  
  78  6:37  Widow Mine  
  80  6:43  SCV x2  
  82  6:49  Marauder, Marine  
  82  6:50  Marauder, Marine  
  89  6:55  Orbital Command, SCV  
  89  6:57  Missile Turret, SCV  
  90  7:03  Terran Infantry Weapons Level 2  
  90  7:04  Medivac  
  90  7:07  Medivac  
  94  7:16  SCV x2  
  94  7:21  Marauder, Marine  
  94  7:22  Barracks, Marine  
  100  7:58  Marine  
  101  8:11  Orbital Command  
  101  8:23  Barracks Reactor  
  101  8:26  Terran Infantry Armor Level 2  
  101  8:27  Barracks  
  101  8:48  Marine  
  101  8:49  Marine  
  101  8:50  Marauder x2  
  101  8:51  Widow Mine x2  
  85  9:06  Marine  
  85  9:07  Marine  
  87  9:10  Marine x2  
  87  9:11  Marauder  
  87  9:12  Marauder  
  87  9:15  Barracks  
  93  9:17  Barracks  
  93  9:19  Marine  
  93  9:20  Command Center, Widow Mine x2  
  98  9:24  Marine  
  98  9:25  Marine  
  100  9:32  Marine  
  100  9:36  Terran Infantry Weapons Level 3  
  101  9:38  Factory  
  101  10:11  Marine x2  
  101  10:20  Missile Turret  
  101  10:23  Missile Turret  
  101  10:24  Missile Turret  
  101  10:25  Marine x4  
  101  10:26  Marauder x2, Missile Turret  
  109  10:30  Missile Turret  
  109  10:32  Marine x3, Widow Mine x2  
  114  10:37  Medivac x2  
  114  10:42  Missile Turret  
  116  10:43  Marine x3  
  116  10:46  Missile Turret  
  116  10:47  Marauder x2, Missile Turret  
  116  10:48  SCV  
  124  10:50  Missile Turret  
  124  10:51  Missile Turret  
  124  10:57  Command Center  
  124  10:58  Supply Depot  
  124  10:59  Supply Depot  
  124  11:00  Supply Depot  
  124  11:02  Supply Depot  
  124  11:14  Factory Tech Lab  
  124  11:19  Marine x2, Supply Depot  
  124  11:20  Marauder, Marine x2, Widow Mine x2  
  124  11:21  Marauder  
  135  11:31  Marine  
  136  11:41  Marauder  
  136  11:42  Marauder, Marine, Widow Mine x3  
  136  11:46  Marine  
  140  11:58  Marine x3  
  129  12:02  Marauder  
  129  12:04  Marauder  
  129  12:06  SCV x2  
  133  12:12  Marine  
  133  12:13  Marine  
  133  12:24  Marauder, SCV  
  133  12:25  Marauder  
  138  12:34  Supply Depot x2  
  138  12:44  Barracks Tech Lab  
  138  12:45  Marauder  
  138  12:46  Marauder  
  107  13:00  Widow Mine x2  
  107  13:01  Widow Mine  
  113  13:06  Marauder x2, Marine x3  
  113  13:08  Marauder, Medivac x2  
  113  13:09  Drilling Claws  
  126  13:22  Widow Mine  
  126  13:23  Marine  
  126  13:24  Marine x2  
  131  13:27  Marauder  
  131  13:28  Marauder  
  131  13:29  Marauder  
  136  13:39  Widow Mine x2  
  136  13:40  SCV x3  
  135  13:41  Marine x2  
  135  13:42  Marine  
  135  13:43  Planetary Fortress, Widow Mine  
  140  13:49  Marauder x2  
  140  13:50  Marine  
  145  13:59  Marine  
  145  14:00  Widow Mine x2  
  145  14:01  Barracks Tech Lab x2  
  145  14:02  Barracks Reactor  
  139  14:16  Marine  
  139  14:17  Marauder, Marine x2  
  116  14:33  Terran Infantry Armor Level 3  
  116  14:35  Neosteel Armor, Marauder, Marine  
  116  14:36  Marauder, Marine x3  
  116  14:37  Widow Mine x3  
  116  14:38  Marine  
  108  14:53  Marine  
  108  14:59  Marine x2  
  113  15:00  Marauder x2, Marine x3  
  113  15:01  Marine, Widow Mine  
  113  15:02  Widow Mine  
  123  15:11  Marine  
  121  15:17  Marine x3  
  121  15:18  Marauder, Marine x2, Widow Mine  
  121  15:20  Marine  
  121  15:21  Planetary Fortress, Marine  
  127  15:23  Widow Mine x2, SCV x3  
  127  15:24  SCV  
  124  15:29  Marine  
  124  15:31  Medivac  
  124  15:32  Medivac  
  124  15:35  Marine x3, SCV x2  
  125  15:36  Marine x2  
  125  15:37  Terran Vehicle Weapons Level 1  
  125  15:39  Factory  
  130  15:44  Hellion  
  132  16:01  Medivac  
  87  16:21  Marine  
  87  16:22  Marauder x2, Marine x6  
  87  16:23  Widow Mine x3  
  100  16:39  Marine  
  101  16:40  Marine x6  
  101  16:42  Marine  
  101  16:43  Marine  
  101  16:45  Widow Mine  
  111  16:48  Missile Turret, Widow Mine x2  
  111  16:50  Missile Turret  
  111  16:53  Missile Turret  
  115  16:57  Refinery, Marine  
  115  16:58  Marauder x3, Missile Turret, Marine x2  
  115  16:59  Refinery  
  115  17:00  Factory Tech Lab  
  115  17:01  Marauder, Supply Depot  
  126  17:03  Medivac  
  126  17:06  Widow Mine  
  130  17:10  Marauder, Marine  
  130  17:14  Ghost Academy  
  130  17:15  Marine  
  126  17:34  Marine x9  
  126  17:35  Widow Mine  
  126  17:36  Widow Mine  
  129  17:45  Widow Mine  
  131  17:51  Marine  
  131  17:52  Marine x6  
  131  17:53  Marauder x2  
  140  18:04  Widow Mine x3  
  137  18:07  Widow Mine  
  137  18:10  Marauder x2  
  119  18:21  Marauder x2, Marine x3  
  119  18:25  Widow Mine  
  116  18:34  Marine x4  
  113  18:35  Widow Mine x2  
  113  18:36  Widow Mine  
  113  18:38  Marine  
  119  18:45  SCV x3  
  119  18:47  Widow Mine  
  124  18:54  Supply Depot  
  124  18:56  Marine  
  124  18:57  Marauder  
  121  19:12  Marauder x2, Marine x4  
  121  19:15  Widow Mine x2  
  127  19:34  Marine  
  127  19:35  Marauder x2, Marine x2  
  134  19:42  Marine  
  134  19:43  Marauder  
  128  19:48  Marine  
  125  19:55  Medivac  
  125  19:56  Medivac  
  125  19:59  SCV  
  79  20:30  Marine x3  
  79  20:31  Marine x6  
  80  20:48  Marine x3  
  80  20:49  Marine  
  72  21:06  Orbital Command  
  44  21:27  Marine x3  
Tags
 
Add a new tag
Caveats
  • Supply blocks, unpowered buildings, or Contaminate may cause inaccurate times.
  • Supply counts are checked every 10 seconds.